Map: Kairos Junction LE

Players

Namshar

  • Race: Zerg Zerg
  • Spawn Location: 11:00

Probe - Winner!

  • Race: Protoss Protoss
  • Spawn Location: 5:00

Event: 2019 WCS Spring

VOD

Have the link to the VOD?

Description

Time

  • Played on: May 18, 2019, 10:58 a.m.
  • Length: 18:46

All games in this series

Show
View Real Time Build Order
Export as new Build Order

Namshar Zerg 

Build Orders: Hatch First, Lurkers, Roach Hydra 

Get SALT Encoding   

  12  0:00  Drone  
  13  0:12  Overlord  
  13  0:16  Drone  
  14  0:30  Drone  
  15  0:44  Hatchery  
  15  0:48  Drone  
  15  0:51  Drone  
  15  0:55  Drone  
  17  1:09  Spawning Pool  
  16  1:11  Extractor  
  16  1:15  Drone  
  16  1:17  Drone  
  17  1:21  Drone  
  18  1:31  Drone  
  19  1:42  Drone  
  20  1:52  Drone  
  21  1:55  Queen  
  21  1:56  Queen, Zergling x2  
  26  2:03  Overlord  
  26  2:07  Drone  
  27  2:11  Metabolic Boost  
  27  2:14  Drone  
  28  2:22  Drone  
  29  2:25  Drone  
  30  2:32  Drone  
  31  2:39  Hatchery  
  31  2:42  Zergling x2  
  31  2:48  Pneumatized Carapace  
  31  2:52  Overlord  
  31  2:56  Drone x2  
  33  3:04  Drone x2  
  34  3:13  Drone x3  
  34  3:15  Drone x2  
  34  3:16  Overlord  
  39  3:21  Queen  
  41  3:28  Drone  
  42  3:34  Spore Crawler, Drone  
  42  3:35  Spore Crawler, Drone  
  42  3:40  Drone  
  43  3:46  Overlord x2  
  43  3:51  Spore Crawler  
  43  3:52  Drone x4  
  43  3:53  Drone  
  47  3:59  Queen  
  49  4:05  Zergling x6  
  49  4:09  Zergling x4  
  54  4:17  Spore Crawler  
  54  4:23  Zergling x2  
  55  4:24  Drone x2  
  55  4:25  Drone x2  
  55  4:26  Overlord, Drone x2  
  55  4:29  Lair  
  61  4:32  Roach Warren  
  61  4:33  Drone  
  61  4:38  Overlord  
  61  4:39  Drone  
  61  4:42  Drone x3  
  64  4:50  Zergling x2  
  64  4:52  Drone x5  
  68  4:59  Drone x2  
  70  5:03  Extractor  
  70  5:04  Extractor  
  70  5:05  Evolution Chamber, Zergling x2  
  70  5:06  Zergling x2  
  69  5:08  Overlord  
  69  5:09  Drone  
  69  5:10  Drone x4  
  69  5:13  Overlord x2  
  73  5:15  Extractor  
  73  5:17  Extractor  
  73  5:19  Extractor, Drone x3  
  73  5:26  Overseer  
  72  5:28  Drone x2  
  72  5:29  Drone  
  72  5:31  Drone x3  
  72  5:32  Glial Reconstitution, Zerg Missile Weapons Level 1  
  72  5:34  Drone  
  79  5:35  Hydralisk Den  
  78  5:45  Overlord  
  78  5:46  Overlord, Drone  
  78  5:47  Drone  
  78  5:49  Drone  
  80  5:51  Hatchery  
  80  5:52  Roach  
  80  5:55  Roach x2  
  85  5:59  Roach  
  85  6:00  Roach  
  89  6:06  Grooved Spines  
  89  6:08  Overseer  
  89  6:10  Overlord x2  
  89  6:13  Queen  
  91  6:19  Hydralisk x3  
  97  6:27  Hydralisk  
  97  6:28  Hydralisk x3  
  97  6:29  Overseer  
  105  6:33  Overlord x2  
  105  6:39  Hydralisk  
  105  6:40  Hydralisk x2  
  105  6:45  Drone  
  105  6:46  Drone x4  
  116  6:48  Overlord  
  116  6:54  Drone x4  
  116  6:55  Drone  
  120  7:02  Drone  
  120  7:03  Lurker Den  
  120  7:08  Hydralisk x5  
  130  7:17  Hydralisk x5  
  130  7:18  Muscular Augments  
  130  7:22  Queen  
  140  7:24  Spore Crawler  
  140  7:27  Extractor  
  140  7:29  Zerg Missile Weapons Level 2  
  138  7:30  Hydralisk  
  138  7:34  Overlord x4  
  139  7:40  Overlord  
  139  7:41  Drone  
  139  7:42  Drone  
  141  7:45  Hydralisk  
  141  7:52  Zergling x6  
  144  8:07  Hydralisk x10  
  164  8:24  Hydralisk, Overlord x2  
  164  8:25  Roach x5  
  176  8:30  Hatchery  
  175  8:34  Hydralisk  
  175  8:35  Zergling x14  
  175  8:36  Hydralisk x5  
  184  8:51  Lurker x3  
  184  8:52  Lurker x3  
  178  9:07  Hydralisk x14  
  199  9:31  Lurker x2  
  199  9:42  Infestation Pit  
  199  9:44  Extractor, Spine Crawler  
  199  9:45  Spine Crawler x2  
  195  9:46  Spine Crawler, Zerg Ground Armor Level 1  
  195  9:49  Lurker x2  
  183  10:04  Hydralisk  
  183  10:05  Zergling x26  
  165  10:14  Hydralisk x12  
  151  10:19  Hydralisk  
  167  10:22  Hydralisk  
  167  10:23  Roach x2  
  169  10:31  Drone  
  170  10:36  Hydralisk x2  
  170  10:37  Hydralisk x4  
  170  10:40  Hydralisk  
  184  10:47  Hydralisk x3  
  184  10:48  Zergling x2  
  189  10:57  Hydralisk x4  
  191  11:11  Hydralisk x5  
  181  11:14  Hydralisk  
  181  11:15  Zergling x12  
  191  11:27  Hydralisk x6  
  191  11:31  Hydralisk  
  191  11:32  Zergling x24  
  199  11:43  Lurker  
  197  12:09  Overlord x3  
  197  12:11  Hive  
  187  12:31  Hydralisk x7  
  193  12:39  Hydralisk x8  
  171  12:53  Hydralisk x13  
  171  12:54  Zergling x2  
  171  12:55  Zergling x4  
  194  13:03  Overseer  
  194  13:07  Drone, Spire  
  190  13:16  Lurker x3  
  193  13:20  Hydralisk, Zergling x2  
  193  13:21  Zergling x6  
  193  13:26  Hatchery  
  183  13:41  Hydralisk, Zergling x2  
  183  13:42  Zergling x28  
  197  13:56  Hydralisk  
  200  14:10  Lurker  
  200  14:15  Hatchery  
  194  14:21  Hydralisk, Zergling x2  
  194  14:22  Zergling x10  
  198  14:28  Greater Spire  
  195  14:35  Lurker x4  
  187  14:53  Corruptor x5  
  187  14:59  Overseer  
  181  15:33  Drone x11  
  182  15:42  Brood Lord x5  
  180  15:49  Corruptor x3  
  186  15:53  Hatchery  
  155  16:14  Zergling x2  
  155  16:15  Zergling x10  
  139  16:37  Spawning Pool  
  116  17:07  Hatchery  
  96  17:26  Zergling x6  
  76  17:37  Hatchery  
  76  17:44  Hatchery  
  72  17:52  Zergling x6  
  57  18:11  Zergling x2  
  57  18:21  Zergling x2  
Show
View Real Time Build Order
Export as new Build Order

Probe Protoss - Winner!

Build Orders: 1 Gate Expand, Oracle Opening, Phoenix Opening, Chargelot Immortal 

Get SALT Encoding   

  12  0:00  Probe  
  13  0:12  Probe  
  14  0:19  Pylon  
  14  0:25  Probe  
  14  0:27  Assimilator  
  15  0:33  Probe  
  15  0:41  Probe  
  16  0:47  Gateway  
  17  0:51  Probe  
  18  1:03  Probe  
  19  1:15  Probe  
  20  1:23  Nexus  
  20  1:34  Cybernetics Core  
  20  1:36  Probe  
  21  1:42  Assimilator  
  21  1:48  Probe  
  21  1:52  Pylon  
  22  2:00  Probe, Adept  
  23  2:08  Probe  
  23  2:13  Stargate  
  26  2:16  Probe  
  27  2:23  Warp Gate  
  27  2:26  Probe  
  28  2:30  Adept  
  28  2:31  Probe  
  31  2:39  Probe x2  
  33  2:49  Probe  
  33  2:51  Probe  
  33  2:55  Phoenix  
  37  3:01  Probe  
  37  3:05  Probe  
  39  3:06  Pylon  
  39  3:13  Oracle, Probe  
  39  3:17  Probe  
  41  3:25  Probe  
  45  3:29  Probe  
  45  3:32  Assimilator  
  45  3:33  Assimilator  
  46  3:35  Gateway  
  46  3:38  Probe  
  48  3:41  Oracle, Probe  
  48  3:43  Pylon  
  48  3:50  Probe  
  48  3:53  Probe  
  53  4:02  Probe  
  54  4:05  Probe  
  54  4:07  Robotics Facility  
  55  4:11  Adept  
  55  4:14  Probe  
  58  4:17  Probe  
  59  4:26  Probe  
  59  4:28  Nexus  
  59  4:29  Probe  
  59  4:30  Pylon  
  61  4:38  Probe, Pylon  
  62  4:48  Twilight Council, Probe  
  62  4:49  Sentry x2  
  62  4:50  Forge  
  65  4:56  Probe  
  65  4:59  Observer, Pylon  
  64  5:00  Probe  
  64  5:07  Gateway  
  65  5:09  Gateway  
  65  5:16  Pylon  
  65  5:18  Probe x2  
  65  5:20  Robotics Facility  
  67  5:28  Adept x2  
  71  5:30  Probe x2  
  77  5:35  Immortal  
  77  5:39  Charge  
  77  5:46  Probe  
  77  5:47  Probe  
  77  5:49  Protoss Ground Weapons Level 1  
  79  5:53  Adept  
  79  5:54  Probe  
  82  5:58  Probe  
  82  5:59  Probe  
  84  6:05  Gateway  
  84  6:08  Probe  
  84  6:09  Gateway  
  85  6:15  Immortal, Gateway  
  89  6:19  Immortal  
  89  6:24  Probe x3  
  96  6:32  Pylon  
  96  6:33  Assimilator  
  96  6:36  Assimilator, Probe  
  96  6:38  Observer  
  97  6:40  Probe, Gateway, Templar Archives  
  97  6:45  Immortal  
  98  6:48  Probe x2  
  98  6:49  Pylon  
  98  6:52  Probe  
  98  6:54  Pylon  
  105  7:02  Psionic Storm  
  105  7:03  Zealot x2  
  105  7:07  Pylon  
  109  7:08  Shield Battery  
  109  7:18  Immortal  
  109  7:22  High Templar x3  
  119  7:26  High Templar, Photon Cannon  
  119  7:27  Photon Cannon  
  121  7:37  Photon Cannon  
  121  7:38  Immortal, Photon Cannon  
  125  7:45  High Templar  
  127  7:57  Zealot x2, High Templar  
  133  7:59  Nexus  
  133  8:00  Pylon  
  133  8:07  Immortal, Pylon  
  129  8:16  Protoss Ground Weapons Level 2  
  129  8:20  Photon Cannon  
  129  8:21  High Templar, Shield Battery  
  129  8:23  High Templar, Shield Battery  
  133  8:27  Zealot  
  133  8:28  Zealot x3  
  133  8:34  Immortal  
  143  8:42  Zealot x2  
  143  8:45  Warp Prism  
  149  8:57  Pylon  
  149  8:59  Pylon  
  149  9:00  Pylon  
  143  9:13  Immortal  
  143  9:14  Shield Battery  
  143  9:16  Zealot x6, Pylon  
  155  9:38  Zealot x5  
  155  9:39  Zealot x3  
  171  9:50  Observer  
  171  9:52  Observer  
  159  10:04  Zealot  
  159  10:05  Zealot x7, Immortal  
  155  10:11  Archon  
  157  10:20  Immortal  
  141  10:26  Zealot x5  
  141  10:27  Zealot x3  
  156  10:40  Photon Cannon  
  156  10:42  Photon Cannon  
  156  10:46  Immortal  
  158  10:54  High Templar  
  158  10:55  High Templar x7  
  172  11:00  Immortal  
  170  11:16  Archon x2  
  170  11:22  Photon Cannon  
  170  11:25  Immortal, Photon Cannon  
  174  11:26  Photon Cannon  
  170  11:35  Zealot x8  
  186  11:41  Immortal  
  178  11:56  High Templar x4  
  186  12:04  Immortal, Protoss Ground Weapons Level 3  
  186  12:08  Assimilator  
  186  12:09  Zealot  
  186  12:11  Assimilator  
  186  12:12  Pylon  
  186  12:23  Immortal  
  180  12:30  Zealot x6  
  180  12:31  Zealot x2  
  180  12:36  Immortal  
  194  12:38  Archon x2  
  160  12:54  Zealot, Immortal  
  160  12:55  Zealot x7  
  156  13:03  Photon Cannon  
  156  13:04  Photon Cannon  
  160  13:05  Photon Cannon  
  160  13:07  Photon Cannon  
  156  13:15  High Templar x3  
  156  13:17  Zealot x3, High Templar  
  156  13:18  Zealot  
  167  13:38  Zealot  
  167  13:39  Zealot x3  
  167  13:40  Observer  
  167  13:41  Observer  
  173  13:52  Zealot  
  169  14:01  Warp Prism  
  169  14:02  Zealot x7  
  179  14:22  Nexus  
  179  14:23  Immortal  
  179  14:28  Zealot x7  
  191  14:37  Observer  
  192  14:42  High Templar  
  180  14:53  Zealot  
  180  14:54  Zealot x3  
  188  15:07  Pylon  
  188  15:12  Zealot x3  
  188  15:34  Zealot x5  
  188  15:35  Zealot x3  
  196  15:49  Stargate  
  196  15:50  Stargate  
  196  15:52  Fleet Beacon  
  193  15:58  Zealot x3  
  189  16:06  Zealot  
  189  16:07  Zealot x2  
  160  16:23  Void Ray  
  154  16:34  High Templar x7  
  154  16:35  Void Ray x2  
  169  17:05  Void Ray  
  173  17:13  Void Ray x2  
  161  17:34  Zealot x7  
  169  17:38  Void Ray  
  165  17:50  Void Ray  
  169  17:55  High Templar x6  
  185  17:58  Assimilator  
  185  18:00  Assimilator, Void Ray  
  185  18:02  Pylon x2  
  183  18:06  Archon x3  
  183  18:07  Nexus  
  177  18:30  Assimilator  
  177  18:32  Zealot x2  
  177  18:33  Zealot x5  
  191  18:35  Assimilator  
Tags
 
Add a new tag
Caveats
  • Supply blocks, unpowered buildings, or Contaminate may cause inaccurate times.
  • Supply counts are checked every 10 seconds.